 Dungeon Crawl Stone Soup version 0.27-a0-836-gfc908b8576 (webtiles) character file.

Game seed: 5867755306713264308

34 tilp the Skirmisher (level 3, -1/61 HPs)
             Began as an Ogre Warper on Apr 1, 2021.
             Succumbed to a scorpion's poison
             ... on level 2 of the Dungeon.
             The game lasted 00:02:33 (1328 turns).

tilp the Skirmisher (Ogre Warper)                   Turns: 1328, Time: 00:02:33

Health: -1/61      AC: 21    Str: 21    XL:     3   Next: 31%
Magic:  2/6        EV:  1    Int: 15    God:
Gold:   74         SH:  0    Dex:  8    Spells: 4/6 levels left

rFire    . . .     SeeInvis .   a - +0 mace
rCold    . . .     Faith    .   (no shield)
rNeg     + + +     Spirit   .   (armour currently unavailable)
rPois    +         Reflect  .   (helmet currently unavailable)
rElec    .         Harm     .   (cloak currently unavailable)
rCorr    .         Rampage  .   (gloves unavailable)
Will     .....     NoTele   +   (boots unavailable)
Stlth    +.........             (no amulet)
HPRegen  0.20/turn              k - +6 ring of strength
MPRegen  0.10/turn              (no ring)

@: mighty, lethally poisoned (-1 -> -15), tree-form, attractive
A: stationary, stasis, torment immunity, boosted hp, large, unfitting armour,
(tough skin 1)
a: no special abilities


You were on level 2 of the Dungeon.
You were a tree.
You visited 1 branch of the dungeon, and saw 2 of its levels.

You collected 74 gold pieces.

Inventory:

Hand Weapons
 a - a +0 mace (weapon)
Missiles
 e - 5 boomerangs of dispersal (quivered) {!f}
 l - 5 stones
Armour
 b - a +0 robe (melded)
Jewellery
 i - a ring of fire
 k - a +6 ring of strength (left branch)
Scrolls
 d - a scroll of blinking
 g - a scroll of enchant weapon {unknown}
 j - a scroll of teleportation {unknown}
 n - a scroll of fog {unknown}
Potions
 m - a potion of ambrosia {unknown}


   Skills:
 + Level 4.9 Fighting
 - Level 1.7 Maces & Flails
 - Level 1.0 Throwing
 - Level 2.1 Dodging
 - Level 2.4 Spellcasting
 - Level 2.6 Translocations


You had 4 spell levels left.
You knew the following spells:

 Your Spells              Type           Power      Damage    Failure   Level
a - Blink                 Tloc           N/A        N/A       11%         2

Your spell library contained the following spells:

 Spells                   Type           Power      Damage    Failure   Level
 Gell's Gravitas          Tloc           4%         N/A       22%         3
 Lesser Beckoning         Tloc           4%         N/A       22%         3
 Teleport Other           Tloc           9%         N/A       22%         3
 Manifold Assault         Tloc           9%         N/A       89%         5


Dungeon Overview and Level Annotations

Branches:
Dungeon (2/15)

Altars:


Innate Abilities, Weirdness & Mutations

You are a tree.
Your roots penetrate the ground, keeping you stationary.
You cannot be teleported.
You are immune to unholy pain and torment.
Your maximum health is greatly increased.
Your equipment is partially melded.
You are too large for most types of armour.
((You have tough skin. (AC +1)))


Message History

Unknown command.
The scorpion stings you!
A ball python comes into view.
The ball python hisses angrily.
The scorpion stings you.
Your magical contamination has completely faded away.
An orc wizard comes into view. It is wielding a staff of earth.
The scorpion stings you!
The orc wizard shouts!
Casting: Blink (safe; 11% risk of failure)
Confirm with . or Enter, or press ? or * to list all spells.
You blink.
The orc wizard points at you and mumbles some strange words.
The magic dart hits you!
* * * LOW HITPOINT WARNING * * *
Unknown command.
The orc wizard points at you and mumbles some strange words.
The magic dart hits you!
* * * LOW HITPOINT WARNING * * *
The orc wizard points at itself and mumbles some strange words.
The orc wizard flickers and vanishes!
Deactivating autopickup; reactivate with Ctrl-A.
Casting: Blink (safe; 11% risk of failure)
Confirm with . or Enter, or press ? or * to list all spells.
You don't have enough magic to cast this spell.
The scorpion barely misses you.
It was a potion of attraction.
You feel attractive to monsters. The scorpion closely misses you.
The ball python closely misses you. Something is pulled toward you!
It was a potion of might.
You feel very mighty all of a sudden. The scorpion stings you.
* * * LOW HITPOINT WARNING * * *
You are lethally poisoned!
The scorpion poisons you!
The ball python bites you but does no damage.
It was a potion of lignification.
You turn into a tree.
Your +0 robe melds into your body.
Your roots penetrate the ground.
You die...

...'..............[#.......#.....
...#...............#....####.....
...#........#......#...........#.
...#........###'####...........#.
......#####.#....................
............+...............>....
#...........#.......##...........
....................'............
...o.#.........s♣...##..........#
....S#.........S.................
#....#####......#+##........)....
.....# ##.......................
....#####........................
.................................
..........................##.....
.......................... #....#
....#........(............ #....#


You could see a scorpion and a ball python.

Vanquished Creatures
  A dart slug (D:1)
  4 orcs (D:2)
  2 endoplasms (D:1)
  A giant cockroach (D:1)
  A goblin (D:1)
  5 hobgoblins
  2 jackals (D:1)
  2 kobolds (D:1)
  A quokka (D:2)
  A ball python (D:2)
  A bat (D:1)
  A frilled lizard (D:1)
  3 rats
25 creatures vanquished.

Notes
Turn   | Place    | Note
-------+----------+-------------------------------------------
     0 | D:1      | tilp the Ogre Warper began the quest for the Orb.
     0 | D:1      | Reached XP level 1. HP: 22/22 MP: 3/3
    48 | D:1      | Reached skill level 3 in Fighting
   169 | D:1      | Reached XP level 2. HP: 29/31 MP: 5/5
   172 | D:1      | Learned a level 2 spell: Blink
   300 | D:1      | Reached skill level 4 in Fighting
   888 | D:2      | Reached XP level 3. HP: 15/40 MP: 6/6
  1141 | D:2      | Noticed a scorpion
  1312 | D:2      | HP: 1/41 [orc wizard/magic dart (7)]
  1327 | D:2      | HP: 1/41 [scorpion (2)]
  1328 | D:2      | Succumbed to a scorpion's poison

Illustrated notes

Levels and vault maps discovered:
D:1:      ncdulo_lavacross, layout_basic
D:2:      layout_basic, nicolae_hepliaklqana_monster_ancestors,
          kiku_gazebo_garden_becter, uniq_terence, uniq_sigmund

Skill      XL: |  1  2 |
---------------+-------+-----
Fighting       | 3 4 |  4.9
Maces & Flails | |  1.7
Throwing       | |  1.0
Dodging        | |  2.1
Spellcasting   | |  2.4
Translocations | |  2.6

Action                   || total
-------------------------++-------
Melee: Mace              ||    75
Throw: Dart              ||     3
 Cast: Blink             ||     3
  Use: Potion            ||     3
Armor: Robe              ||    23
Dodge: Dodged            ||    38

Table legend: (Time is in decaauts)
 A = Elapsed time spent in this place.
 B = Non-inter-level travel time spent in this place.
 C = Inter-level travel time spent in this place.
 D = Time resting spent in this place.
 E = Time spent auto-exploring this place.
 F = Levels seen in this place.
 G = Mean time per level.
                   A        B        C        D        E       F      G
               +--------+--------+--------+--------+--------+-----+--------+
         Total |   1351 |   1340 |     11 |    255 |    759 |   2 |  675.5 |
       Dungeon |   1351 |   1340 |     11 |    255 |    759 |   2 |  675.5 |
               +--------+--------+--------+--------+--------+-----+--------+

Top non-repeatable levels by time:
     D:1: 933 daAuts
     D:2: 418 daAuts
